Map: Cosmic Sapphire

Players

DarkImpure - Winner!

  • Race: Zerg Zerg
  • League: Grandmaster
  • Spawn Location: 11:00

ShowMakeR

  • Race: Terran Terran
  • League: Master
  • Spawn Location: 5:00

VOD

Have the link to the VOD?

Description

Time

  • Played on: Sept. 2, 2022, 8:33 a.m.
  • Length: 7:59
Show
View Real Time Build Order
Export as new Build Order

DarkImpure Zerg - Winner!

Build Orders: Pool First 

Get SALT Encoding   

  12  0:02  Drone  
  13  0:12  Overlord  
  13  0:16  Drone  
  14  0:30  Drone x2  
  16  0:40  Spawning Pool  
  15  0:44  Drone  
  15  0:48  Drone  
  17  1:08  Hatchery  
  17  1:11  Drone  
  17  1:25  Extractor  
  16  1:28  Zergling x2  
  16  1:29  Zergling x4  
  19  1:39  Zergling x2, Spine Crawler  
  19  1:40  Spine Crawler  
  18  1:50  Zergling x2  
  18  1:52  Queen  
  21  2:06  Zergling x2  
  20  2:13  Zergling x2  
  20  2:20  Zergling x2  
  20  2:22  Queen  
  22  2:28  Drone  
  22  2:35  Queen  
  22  2:36  Drone x2  
  26  2:44  Drone x2  
  28  2:53  Overlord  
  28  3:12  Spine Crawler  
  27  3:16  Queen  
  27  3:17  Drone, Spine Crawler  
  29  3:22  Zergling x4  
  31  3:28  Drone  
  31  3:33  Drone x2  
  34  3:39  Overlord  
  34  3:43  Drone  
  34  3:46  Drone  
  36  3:51  Metabolic Boost  
  36  3:58  Drone  
  36  3:59  Drone  
  38  4:06  Drone x3  
  41  4:13  Overlord  
  41  4:20  Overlord  
  41  4:33  Drone x3  
  41  4:34  Lair  
  44  4:39  Drone x5  
  49  4:47  Extractor x2  
  49  4:48  Drone  
  49  4:49  Drone x3  
  49  4:51  Drone  
  52  4:55  Overlord  
  52  5:11  Extractor  
  52  5:14  Overlord  
  51  5:18  Baneling Nest  
  50  5:31  Hatchery  
  49  5:36  Drone x7  
  49  5:40  Spire  
  56  5:50  Drone  
  56  5:51  Drone, Overlord x2  
  56  5:54  Zergling x4  
  59  6:07  Drone  
  59  6:08  Overlord  
  59  6:09  Overlord  
  60  6:12  Drone  
  61  6:23  Extractor  
  61  6:25  Drone x2  
  61  6:26  Drone  
  61  6:28  Extractor, Drone x3  
  61  6:30  Baneling x3  
  65  6:32  Queen  
  65  6:39  Overlord  
  67  6:56  Mutalisk  
  67  6:57  Mutalisk x6  
  67  7:00  Mutalisk  
  83  7:05  Drone  
  83  7:06  Drone  
  83  7:07  Evolution Chamber  
  83  7:08  Evolution Chamber, Mutalisk  
  85  7:17  Mutalisk x2  
  85  7:21  Baneling x2, Zergling x2  
  85  7:22  Zergling x4  
  92  7:29  Zergling x10  
  96  7:39  Drone  
  97  7:45  Drone  
  97  7:46  Drone x3  
Show
View Real Time Build Order
Export as new Build Order

ShowMakeR Terran 

Build Orders:  

Get SALT Encoding   

  12  0:00  SCV  
  13  0:13  SCV  
  14  0:21  Supply Depot  
  14  0:28  SCV  
  15  0:43  Barracks  
  15  0:55  Barracks  
  15  1:08  Barracks  
  15  1:17  SCV  
  16  1:31  Marine  
  17  1:34  Orbital Command  
  17  1:42  Marine  
  18  1:49  Marine  
  18  1:51  Supply Depot  
  19  1:56  Marine  
  20  2:07  Marine x2  
  19  2:13  Marine  
  17  2:25  Marine x2  
  18  2:31  Marine  
  18  2:42  Marine  
  18  2:43  Marine  
  20  2:49  Marine  
  21  3:00  Marine x2  
  21  3:03  SCV  
  24  3:07  Marine  
  25  3:17  SCV  
  25  3:18  Marine x2  
  28  3:20  Supply Depot  
  28  3:24  Bunker  
  28  3:25  Marine  
  29  3:29  SCV  
  29  3:31  Refinery  
  30  3:57  Command Center  
  30  4:04  SCV  
  30  4:07  Refinery  
  31  4:12  Command Center  
  31  4:16  SCV  
  32  4:28  SCV  
  33  4:40  SCV  
  33  4:44  Factory  
  34  4:50  Supply Depot  
  34  4:52  SCV  
  35  5:04  SCV  
  36  5:09  Orbital Command  
  36  5:17  SCV  
  37  5:21  Barracks Tech Lab  
  37  5:23  Barracks Reactor x2  
  37  5:28  Factory Reactor  
  37  5:29  Starport  
  37  5:30  Orbital Command  
  37  5:40  SCV  
  38  5:47  Marine, Stimpack  
  39  5:52  SCV  
  39  5:55  SCV  
  41  6:00  Marine x2  
  41  6:02  Refinery  
  41  6:04  SCV  
  44  6:07  SCV  
  44  6:11  Orbital Command  
  45  6:16  SCV  
  46  6:19  SCV, Medivac  
  46  6:21  Factory Tech Lab  
  49  6:28  SCV  
  49  6:31  Marine x2, Medivac  
  49  6:32  Marine  
  55  6:34  SCV  
  55  6:38  SCV  
  57  6:41  Marine x2  
  59  6:49  Supply Depot  
  59  6:50  Engineering Bay  
  59  6:51  Marine  
  59  6:53  SCV x2  
  62  6:56  SCV  
  62  7:00  Marine x2  
  65  7:05  SCV  
  66  7:10  Marine x2  
  66  7:11  Marine  
  66  7:12  Supply Depot  
  66  7:13  SCV x2  
  71  7:18  Marine  
  71  7:20  Engineering Bay  
  71  7:21  SCV  
  73  7:25  SCV, Marine  
  73  7:28  Marine  
  80  7:40  Barracks  
  80  7:42  Barracks  
Tags
 
Add a new tag
Caveats
  • Supply blocks, unpowered buildings, or Contaminate may cause inaccurate times.
  • Supply counts are checked every 10 seconds.